Map: Blackpink LE

Players

Scarlett

  • Race: Zerg Zerg
  • League: Master
  • Spawn Location: 7:00

Kelazhur - Winner!

  • Race: Terran Terran
  • League: Master
  • Spawn Location: 1:00

Event: IEM Season 12 - PyeongChang

VOD

Have the link to the VOD?

Description

Time

  • Played on: Feb. 4, 2018, 4:04 p.m.
  • Length: 6:13
Show
View Real Time Build Order
Export as new Build Order

Scarlett Zerg 

Build Orders: Hatch First 

Get SALT Encoding   

  12  0:00  Drone  
  13  0:12  Overlord  
  13  0:18  Drone  
  14  0:31  Drone x2  
  14  0:35  Drone  
  17  0:51  Hatchery  
  17  0:54  Drone  
  17  0:58  Drone  
  18  1:05  Extractor  
  17  1:12  Spawning Pool  
  17  1:15  Drone  
  17  1:20  Drone  
  18  1:28  Drone  
  19  1:39  Drone  
  20  1:50  Overlord  
  20  1:59  Queen  
  22  2:03  Zergling x2, Queen  
  25  2:08  Metabolic Boost  
  25  2:17  Drone  
  25  2:18  Drone x2  
  28  2:28  Overlord  
  28  2:34  Hatchery  
  27  2:39  Drone  
  27  2:42  Overlord  
  28  2:47  Drone  
  28  2:48  Drone  
  28  2:49  Drone  
  31  2:55  Queen  
  33  2:59  Drone  
  33  3:02  Drone  
  35  3:06  Drone  
  35  3:08  Drone x2  
  39  3:12  Drone  
  39  3:13  Drone  
  39  3:16  Drone  
  39  3:18  Overlord  
  41  3:20  Drone  
  41  3:23  Drone  
  41  3:24  Drone  
  44  3:33  Overlord  
  44  3:36  Queen  
  44  3:39  Queen  
  48  3:42  Zergling x4  
  48  3:47  Zergling x6  
  53  3:51  Queen  
  55  3:59  Drone x4  
  59  4:08  Overlord  
  59  4:09  Drone x4  
  63  4:15  Queen  
  63  4:16  Overlord  
  65  4:19  Overlord  
  65  4:21  Zergling x2  
  66  4:25  Overlord  
  66  4:28  Overlord  
  64  4:44  Spore Crawler  
  64  4:45  Zergling x12  
  63  4:47  Zergling x2  
  63  4:48  Zergling x10  
  59  5:00  Drone x3  
  59  5:01  Drone x2  
  59  5:03  Spore Crawler  
  55  5:17  Spore Crawler  
  55  5:19  Queen  
  55  5:20  Drone x6  
  61  5:25  Drone x2  
  62  5:33  Drone x3  
  62  5:35  Queen  
  66  5:46  Zergling x6  
  69  5:50  Roach Warren  
  69  5:55  Zergling x6  
Show
View Real Time Build Order
Export as new Build Order

Kelazhur Terran - Winner!

Build Orders: Hellion Opening 

Get SALT Encoding   

  12  0:01  SCV  
  13  0:13  SCV  
  14  0:18  Supply Depot  
  14  0:25  SCV  
  15  0:39  SCV  
  15  0:40  Barracks  
  16  0:45  Refinery  
  16  0:52  SCV  
  17  1:04  SCV  
  18  1:16  SCV  
  19  1:27  Marine  
  19  1:28  Orbital Command  
  20  1:37  Command Center  
  20  1:45  Marine  
  21  1:49  Supply Depot  
  21  1:53  SCV  
  22  2:02  Factory  
  22  2:08  SCV  
  23  2:10  Barracks Reactor  
  23  2:14  Refinery  
  23  2:20  SCV  
  24  2:32  SCV  
  25  2:46  SCV  
  25  2:48  Starport  
  25  2:49  Orbital Command  
  26  2:53  Hellion x2  
  26  2:55  Marine  
  31  2:59  SCV  
  32  3:13  Marine  
  32  3:14  Hellion x2  
  39  3:20  Supply Depot  
  39  3:25  Armory, Medivac  
  39  3:31  Marine  
  40  3:35  Hellion  
  40  3:37  Hellion  
  40  3:40  SCV x2  
  46  3:49  Supply Depot  
  46  3:52  SCV x2  
  48  3:59  Hellion x2  
  52  4:05  SCV x2, Liberator  
  54  4:12  Supply Depot  
  54  4:22  Barracks Tech Lab, Hellion x2  
  61  4:25  SCV  
  62  4:33  SCV  
  62  4:35  Supply Depot  
  62  4:37  SCV  
  62  4:43  Hellion x2  
  64  4:46  SCV  
  64  4:49  SCV  
  61  4:58  SCV, Supply Depot  
  54  5:02  SCV  
  54  5:04  Hellion x2  
  59  5:11  SCV  
  59  5:13  Hellion x2  
  54  5:19  SCV  
  54  5:20  Command Center  
  55  5:23  SCV  
  55  5:26  Hellion x2  
  60  5:31  SCV  
  64  5:37  SCV  
  64  5:39  Refinery x2  
  65  5:43  SCV  
  65  5:47  Hellion  
  65  5:49  SCV  
  69  5:52  Hellion  
  69  5:55  SCV  
  72  6:01  SCV  

Tags
 
Add a new tag
Caveats
  • Supply blocks, unpowered buildings, or Contaminate may cause inaccurate times.
  • Supply counts are checked every 10 seconds.